 Dungeon Crawl Stone Soup version 0.31-a0-217-g58bb5d79cf (webtiles) character file.

Game seed: 1531398543994324627

22 protoss039 the Sneak (level 2, 0/16 HPs)
             Began as a Vampire Enchanter on July 2, 2023.
             Slain by a bat (1 damage)
             ... on level 1 of the Dungeon.
             The game lasted 00:01:23 (349 turns).

protoss039 the Sneak (Vampire Enchanter)             Turns: 349, Time: 00:01:24

Health: 0/16       AC:  2    Str:  7    XL:     2   Next: 68%
Magic:  5/5        EV: 12    Int: 17    God:
Gold:   49         SH:  0    Dex: 14    Spells: 5/5 levels left

rFire   . . .        a - +1 dagger
rCold   + + .        (no shield)
rNeg    + + +        b - +0 robe
rPois   ∞            (no helmet)
rElec   .            (no cloak)
rCorr   .            (no gloves)
SInv    +            (no boots)
Will    .....        (no amulet)
Stlth   +++++        (no ring)
HPRegen 0.00/turn    (no ring)
MPRegen 0.09/turn

%: no passive effects
@: bloodless, inhibited regen, invisible
A: bloodless, fangs 3, see invisible, vampiric 1
a: Revivify


You were on level 1 of the Dungeon.
You visited 1 branch of the dungeon, and saw 1 of its levels.

You collected 49 gold pieces.

Inventory:

Hand Weapons
 a - a +1 dagger (weapon)
Armour
 b - a +0 robe (worn)
Jewellery
 e - a +4 ring of slaying
Potions
 c - a potion of invisibility


   Skills:
 + Level 0.5 Fighting
 + Level 1.4 Short Blades
 + Level 2.5 Dodging
 + Level 4.8 Stealth
 + Level 2.2 Spellcasting
 + Level 4.6 Hexes


You had 5 spell levels left.
You didn't know any spells.
Your spell library contained the following spells:

 Spells                   Type           Power      Damage    Failure   Level
 Confusing Touch          Hex            17%        N/A       9%          3
 Tukima's Dance           Hex            17%        N/A       9%          3
 Ensorcelled Hibernation  Hex/Ice        18%        N/A       11%         2
 Dazzling Flash           Conj/Hex       18%        N/A       22%         3


Dungeon Overview and Level Annotations

Branches:
Dungeon (1/15) Zot: 5652

Altars:


Innate Abilities, Weirdness & Mutations

You do not regenerate when monsters are visible.
You are frail without blood (-20% HP).
You can heal yourself when you bite living creatures.
You are immune to poison.
You have razor-sharp teeth.
You have supernaturally acute eyesight. (SInv)
You are afflicted with vampirism.


Message History

Found a tubular granite ring.
The bat completely misses you.
Found 12 gold pieces.
The bat attacks as you move away! The bat barely misses you.
A bat comes into view.
The bat completely misses you.
You see here a +4 ring of slaying.
e - a +4 ring of slaying The bat closely misses you.
You hit the bat.
You kill the bat!
The bat barely misses you. The goblin misses you.
Unknown command.
As you read the scroll labelled LYIMIETOESIM, it crumbles to dust.
It is a scroll of identify.
You don't currently have any unidentified items.
The goblin hits you with a +1 dagger of freezing.
Unknown command.
The bat barely misses you. The goblin completely misses you.
Unknown command.
A rat and a bat come into view.
The bat barely misses you.
Unknown command.
A quokka comes into view.
Found a scroll labelled ZOLAVOSISK.
The bat barely misses you.
Unknown command.
The goblin attacks as you move away!
The goblin hits you with a +1 dagger of freezing.
* * * LOW HITPOINT WARNING * * *
Found 14 gold pieces.
The bat hits you.
* * * LOW HITPOINT WARNING * * *
The bat hits you but does no damage.
Unknown command.
You fade into invisibility!
The bat hits you but does no damage. The bat hits you.
* * * LOW HITPOINT WARNING * * *
The bat closely misses you.
Unknown command.
The bat attacks as you move away! The bat hits you.
You die...

..#.............
..
#.######...##..##.
. ..# ##...##.#.
.. ### ###...#?##
... #####
##.##.(##... #
....#
#.#K........#
###.#
#...#.#+#...# #
####g.b...... #
#.@....... #
#.b$...... ###.#
#.r....... ....#
#.......r. #####
#.b....... ...
#......... ###
#...?....$
#.........


You could see a quokka (asleep), a goblin (unable to see you), 3 bats, a kobold
(unable to see you) and a rat (unable to see you).

Vanquished Creatures
  2 dart slugs (D:1)
  A ball python (D:1)
  A bat (D:1)
  An endoplasm (D:1)
  A giant cockroach (D:1)
  A goblin (D:1)
  2 hobgoblins (D:1)
  A kobold (D:1)
  2 quokkas (D:1)
  2 frilled lizards (D:1)
  2 rats (D:1)
16 creatures vanquished.

Notes
Turn   | Place    | Note
-------+----------+-------------------------------------------
     0 | D:1      | protoss039 the Vampire Enchanter began the quest for the
                  | Orb.
     0 | D:1      | Reached XP level 1. HP: 13/13 MP: 3/3
   110 | D:1      | Reached XP level 2. HP: 16/16 MP: 5/5
   163 | D:1      | Found a faded altar of an unknown god.
   349 | D:1      | Slain by a bat

Illustrated notes

Levels and vault maps discovered:
D:1:      lemuel_arrival_cross, layout_basic, ebering_ecumenical_altar_mist,
          st_stairs_6, minmay_tetromino_s4

Action                     || total
---------------------------++-------
  Melee: Dagger            ||    22
         Bite              ||     1
Ability: Exsanguinate      ||     1
    Use: Scroll            ||     1
         Potion            ||     1
   Stab: Sleeping          ||    13
 Armour: Robe              ||     7
  Dodge: Dodged            ||    21

Table legend: (Time is in decaauts)
 A = Elapsed time spent in this place.
 B = Non-inter-level travel time spent in this place.
 C = Inter-level travel time spent in this place.
 D = Time resting spent in this place.
 E = Time spent auto-exploring this place.
 F = Levels seen in this place.
 G = Mean time per level.
                   A        B        C        D        E       F      G
               +--------+--------+--------+--------+--------+-----+--------+
         Total |    347 |    347 |      0 |      0 |    221 |   1 |  347.0 |
       Dungeon |    347 |    347 |      0 |      0 |    221 |   1 |  347.0 |
               +--------+--------+--------+--------+--------+-----+--------+

Top non-repeatable levels by time:
     D:1: 347 daAuts
